 Dungeon Crawl Stone Soup version 0.18.1-6-gd335043 (webtiles) character file.

349 NoLuckNoSkill the Cudgeler (level 6, -7/50 HPs)
             Began as a Mummy Chaos Knight on May 17, 2016.
             Mangled by F1L1N's ghost (9 damage)
             ... on level 4 of the Dungeon.
             The game lasted 00:04:02 (2333 turns).

NoLuckNoSkill the Cudgeler (Mummy Chaos Knight)     Turns: 2333, Time: 00:04:02

Health: -7/50      AC:  5    Str: 17    XL:     6   Next: 33%
Magic:  6/6        EV: 16    Int: 16    God:    Xom [..*...]
Gold:   137        SH:  0    Dex: 17    Spells: 0 memorised, 5 levels left

rFire  x . .     SeeInvis .     a - +0 mace (chaos)
rCold  + . .     Gourm    .     b - +2 leather armour
rNeg   + + +     Faith    .     (no shield)
rPois  ∞         Spirit   .     (no helmet)
rElec  .         Dismiss  .     (no cloak)
rCorr  .         Reflect  .     (no gloves)
SustAt .         Harm     .     (no boots)
MR     .....                    (no amulet)
Stlth  ++........               (no ring)
                                (no ring)

@: brilliant, agile, not resistant to hostile enchantments, unstealthy
A: no food or potions, fire vulnerability, cold resistance 1, negative energy
resistance 3, torment resistance, unbreathing
a: Renounce Religion


You were on level 4 of the Dungeon.
You worshipped Xom.
You were a toy of Xom.
You were not hungry.

You visited 1 branch of the dungeon, and saw 4 of its levels.

You collected 137 gold pieces.

Inventory:

Hand Weapons
 a - a +0 mace of chaos (weapon)
 c - a +2 mace of protection
 e - a +2 mace of protection
Armour
 b - a +2 leather armour (worn)
Scrolls
 d - 2 scrolls of fear {unknown}
 f - a scroll of remove curse {unknown}
 g - 2 scrolls of amnesia {unknown}
 h - a scroll of blinking {unknown}
 j - a scroll of enchant armour {unknown}
 k - a scroll of identify {unknown}
Books
 i - a book of Cantrips

   Spells                             Type                      Level
   a - Corona                         Hexes                        1
   b - Animate Skeleton               Necromancy                   1
   c - Summon Small Mammal            Summoning                    1
   d - Apportation                    Translocation                1


   Skills:
 + Level 4.9 Fighting
 * Level 5.0 Maces & Flails
 - Level 1.5 Armour
 - Level 0.7 Dodging


You had 5 spell levels left.
You didn't know any spells.

Dungeon Overview and Level Annotations

Branches:
Dungeon (4/15)
 Temple: D:4-7

Altars:
Qazlal
Sif Muna
Trog

Annotations:
D:4 F1L1N's ghost, amateur FoFi


Innate Abilities, Weirdness & Mutations

You do not eat or drink.
Your flesh is vulnerable to fire.
You are immune to poison.
Your flesh is cold resistant.
You are immune to negative energy.
You are immune to unholy pain and torment.
You can survive without breathing.


Message History

F1L1N's ghost is heavily damaged. x2
F1L1N's ghost hits you but does no damage.
You hit F1L1N's ghost.
F1L1N's ghost is heavily damaged.
F1L1N's ghost hits you but does no damage.
You closely miss F1L1N's ghost.
F1L1N's ghost is heavily damaged.
F1L1N's ghost closely misses you.
You hit F1L1N's ghost.
F1L1N's ghost is severely damaged.
F1L1N's ghost barely misses you.
You hit F1L1N's ghost.
F1L1N's ghost is severely damaged.
F1L1N's ghost hits you!
* * * LOW HITPOINT WARNING * * *
You hit F1L1N's ghost but do no damage.
F1L1N's ghost is severely damaged.
F1L1N's ghost hits you!
You die...
Xom roars with laughter!

#.#.#........
#.#######.#.#.#.#####
#.#.............#
#.#.#####.###.#.# ##### #.#.#
#.....#.# #...#
#.#.#########!#.# #...#
#.#........<..#.#
#...#########.###########.#.#
'...'..........W@.........#.#
#...####......#############.#
#.............# *
###.####......# #.# ########
#.. #.## ###


You could see F1L1N's ghost.

Vanquished Creatures
  Grinder (D:4)
  Terence (D:3)
  3 adders (D:2)
  2 worms
  6 dart slugs
  2 giant geckos
  8 orcs (D:3)
  2 ball pythons
  2 bats
  5 giant cockroaches
  5 hobgoblins
  2 kobolds
  2 quokkas (D:3)
  A giant newt (D:3)
  8 goblins
  5 rats
55 creatures vanquished.

Vanquished Creatures (others)
  2 orc wizards (D:3)
2 creatures vanquished.

Grand Total: 57 creatures vanquished

Notes
Turn   | Place    | Note
--------------------------------------------------------------
     0 | D:1      | NoLuckNoSkill the Mummy Chaos Knight began the quest for the Orb.
     0 | D:1      | Reached XP level 1. HP: 18/18 MP: 1/1
   120 | D:1      | Reached XP level 2. HP: 24/24 MP: 2/2
   211 | D:1      | XOM: harmless Conj miscast
   777 | D:2      | Reached skill level 3 in Maces & Flails
   777 | D:2      | Reached XP level 3. HP: 21/29 MP: 3/3
   861 | D:2      | XOM is BORED!
   861 | D:2      | XOM: silly message
  1043 | D:2      | XOM: harmless Summ miscast
  1172 | D:2      | Reached XP level 4. HP: 29/37 MP: 4/4
  1335 | D:3      | Noticed Terence
  1351 | D:3      | Killed Terence
  1432 | D:3      | XOM: colour smoke trail
  1451 | D:3      | XOM: divination: magic mapping
  1455 | D:3      | Found a deep blue altar of Sif Muna.
  1465 | D:3      | XOM: smoke on damage
  1777 | D:3      | Found a bloodstained altar of Trog.
  1785 | D:3      | Found a stormy altar of Qazlal.
  1934 | D:3      | XOM: god gift: 2 needles of sleeping
  1985 | D:4      | Noticed Grinder
  1995 | D:4      | XOM: potion effect (invisibility)
  2014 | D:4      | Killed Grinder
  2014 | D:4      | Reached skill level 5 in Maces & Flails
  2014 | D:4      | Reached XP level 5. HP: 2/43 MP: 5/5
  2014 | D:4      | Reached XP level 6. HP: 3/50 MP: 6/6
  2089 | D:4      | XOM: divination: magic mapping
  2298 | D:4      | Noticed F1L1N's ghost (amateur FoFi)
  2315 | D:4      | XOM: potion effect (agility)
  2319 | D:4      | XOM: potion effect (brilliance)
  2327 | D:4      | Xom revived you
  2332 | D:4      | HP: 1/50 [F1L1N's ghost (11)]
  2333 | D:4      | Mangled by F1L1N's ghost

Skill      XL: |  1  2  3  4 |
---------------+-------------+-----
Maces & Flails | 3 5 |  5.0
Fighting       | 4 |  4.9
Armour         | |  1.5
Dodging        | |  0.7

Action                   |  1- 3 |  4- 6 || total
-------------------------+-------+-------++-------
Melee: Mace              |    89 |   135 ||   224
Armor: Leather armour    |    28 |    37 ||    65
Dodge: Dodged            |    53 |    80 ||   133
